 Dungeon Crawl Stone Soup version 0.29.1-1-gd02db6906a (webtiles) character file.

Game seed: 15878696206076873568

14 raistware the Conjurer (level 2, 0/19 HPs)
             Began as a Human Conjurer on Sept 30, 2022.
             Slain by a jackal (2 damage)
             ... on level 1 of the Dungeon.
             The game lasted 00:00:59 (362 turns).

raistware the Conjurer (Human Conjurer)              Turns: 362, Time: 00:00:59

Health: 0/19       AC:  2    Str:  7    XL:     2   Next: 55%
Magic:  0/5        EV:  9    Int: 18    God:
Gold:   10         SH:  0    Dex: 11    Spells: 5/6 levels left

rFire   . . .      SeeInvis .   g - +0 dagger
rCold   . . .      Faith    .   (no shield)
rNeg    . . .      Spirit   .   a - +0 robe
rPois   .          Reflect  .   (no helmet)
rElec   .          Harm     .   (no cloak)
rCorr   .          Rampage  .   (no gloves)
Will    .....                   (no boots)
Stlth   ++........              i - amulet of the acrobat
HPRegen 0.06/turn               (no ring)
MPRegen 0.09/turn               (no ring)

@: constricted
A: no striking features
a: no special abilities


You were on level 1 of the Dungeon.
You visited 1 branch of the dungeon, and saw 1 of its levels.

You collected 10 gold pieces.

Inventory:

Hand Weapons
 g - a +0 dagger (weapon)
Armour
 a - a +0 robe (worn)
Magical Staves
 h - a staff of death
Jewellery
 i - an amulet of the acrobat (around neck)
Scrolls
 d - a scroll of identify {unknown}
 e - a scroll of teleportation {unknown}
 f - a scroll of magic mapping {unknown}
Potions
 b - a potion of magic
 c - a potion of curing {unknown}


   Skills:
 - Level 2.0 Dodging
 - Level 2.0 Stealth
 + Level 2.8 Spellcasting
 - Level 4.0 Conjurations


You had 5 spell levels left.
You knew the following spells:

 Your Spells              Type           Power      Damage    Failure   Level
a - Magic Dart            Conj           64%        1d6       3%          1

Your spell library contained the following spells:

 Spells                   Type           Power      Damage    Failure   Level
 Searing Ray              Conj           32%        2d5       4%          2
 Dazzling Flash           Conj/Hex       18%        N/A       22%         3
 Fulminant Prism          Conj/Hex       4%         3d6       58%         4
 Iskenderun's Mystic Bla  Conj/Tloc      9%         2d4       58%         4


Dungeon Overview and Level Annotations

Branches:
Dungeon (1/15)

Altars:

Shops:
D:1 (


Message History

Aiming: Magic Dart (safe; 3% risk of failure)
Press: ? - help, Shift-Dir - straight line, f - goblin
Aim: a goblin, wielding a +0 club (100% to hit)
The magic dart hits the goblin.
You kill the goblin!
The jackal closely misses you. The jackal attacks as you move away!
The jackal completely misses you. The jackal attacks as you move away!
The jackal bites you.
A ball python comes into view.
The ball python hisses angrily.
The jackal completely misses you. The jackal attacks as you move away!
The jackal closely misses you. The jackal completely misses you.
You closely miss the ball python. The jackal bites you.
The ball python bites you. The ball python grabs you.
The ball python constricts you.
You barely miss the ball python.
The jackal bites you but does no damage.
The ball python bites you but does no damage.
The ball python constricts you.
You closely miss the ball python. The jackal barely misses you.
The ball python misses you. The ball python constricts you.
The jackal bites you.
* * * LOW HITPOINT WARNING * * *
Unknown command.
Casting: Magic Dart (safe; 3% risk of failure)
Confirm with . or Enter, or press ? or * to list all spells.
Aiming: Magic Dart (safe; 3% risk of failure)
Press: ? - help, Shift-Dir - straight line, f - jackal
Aim: a jackal (100% to hit)
The magic dart hits the jackal.
The jackal is lightly wounded.
The ball python closely misses you. The ball python constricts you.
The jackal bites you.
* * * LOW HITPOINT WARNING * * *
The ball python barely misses you. The ball python constricts you.
You hit the jackal.
The jackal is severely wounded.
The jackal bites you.
You die...

...##.......g..#.#
#....#..##
...#.......h...#)#
#........#
#>.............#.#
####.....#
....#..........#.#
#.....#
#.#.#†.........#.#
#..#####
....#..........#.#
#....
...............#.#
#....
........######.#h#
#.... .#####♣..#
.#@# #.## ## ....#
#S# #. ∩♣#..# #.#
#. . .... #.# #..#
#.# .. ..# #. ...
#. #.# ##


You could see a jackal and a ball python.

Vanquished Creatures
  3 giant cockroaches (D:1)
  2 goblins (D:1)
  A hobgoblin (D:1)
  3 jackals (D:1)
  A ball python (D:1)
  A bat (D:1)
11 creatures vanquished.

Notes
Turn   | Place    | Note
-------+----------+-------------------------------------------
     0 | D:1      | raistware the Human Conjurer began the quest for the Orb.
     0 | D:1      | Reached XP level 1. HP: 13/13 MP: 3/3
   240 | D:1      | Reached XP level 2. HP: 19/19 MP: 1/5
   333 | D:1      | Found Anishria's Weapon Shop.
   362 | D:1      | Slain by a jackal

Illustrated notes

Levels and vault maps discovered:
D:1:      scummos_arrival_simple_crosswalls, layout_basic, serial_shops,
          nicolae_shop_trees, hellmonk_ecumenical_altar_prayer_group

Action                   || total
-------------------------++-------
Melee: Dagger            ||     8
       Unarmed           ||     6
 Cast: Magic Dart        ||    19
Armor: Robe              ||     4
Dodge: Dodged            ||    33
